 Dungeon Crawl Stone Soup version 0.28.0-1-gb440e238dd (webtiles) character file.

Game seed: 303879595595137483

7233 themarg the Carver (level 11, 0/74 HPs)
             Began as a Gnoll Wanderer on Feb 22, 2022.
             Was a Priest of Hepliaklqana.
             Slain by a five-headed hydra (5 damage)
             ... on level 9 of the Dungeon.
             The game lasted 00:43:38 (9475 turns).

themarg the Carver (Gnoll Wanderer)                 Turns: 9475, Time: 00:43:39

Health: 0/74       AC: 11    Str: 11    XL:     11   Next: 12%
Magic:  21/21      EV: 18    Int: 13    God:    Hepliaklqana [***...]
Gold:   616        SH:  6    Dex: 15    Spells: 19/23 levels left

rFire   . . .      SeeInvis .   b - +2 flail (vorpal)
rCold   . . .      Faith    .   T - +0 buckler
rNeg    + . .      Spirit   .   f - +3 leather armour
rPois   .          Reflect  .   v - +2 hat
rElec   .          Harm     .   g - +1 cloak
rCorr   .          Rampage  .   (no gloves)
Will    .....                   (no boots)
Stlth   +++.......              s - amulet of regeneration
HPRegen 1.02/turn               o - ring of positive energy
MPRegen 0.17/turn               L - +4 ring of evasion

@: about to teleport
A: reduced essence, fangs 1, strong nose, distributed training
a: Renounce Religion, Ancestor Life: Knight, Ancestor Life: Battlemage, Ancestor
Life: Hexer, Recall Ancestor, Ancestor Identity, Transference


You were on level 9 of the Dungeon.
You worshipped Hepliaklqana.
Hepliaklqana was most pleased with you.
You visited 3 branches of the dungeon, and saw 13 of its levels.
You also visited: Sewer and Ossuary.

You collected 616 gold pieces.

Inventory:

Hand Weapons
 a - a +2 hand axe of electrocution
 b - a +2 vorpal flail (weapon)
 c - a +6 glaive
Missiles
 u - 34 poisoned darts
Armour
 f - a +3 leather armour (worn)
 g - a +1 cloak (worn)
 r - a +0 scale mail
 v - a +2 hat (worn)
 B - a +1 pair of boots of flying
 T - a +0 buckler (worn)
Jewellery
 o - a ring of positive energy (left hand)
 s - an amulet of regeneration (around neck)
 F - an amulet of reflection
 G - a ring of resist corrosion
 L - a +4 ring of evasion (right hand)
 N - a +4 ring of protection
 U - a ring of protection from cold
Wands
 y - a wand of charming (5)
 H - a wand of polymorph (6)
Scrolls
 h - 2 scrolls of brand weapon {unknown}
 i - a scroll of amnesia {unknown}
 j - a scroll of summoning {unknown}
 k - 2 scrolls of noise
 z - 3 scrolls of enchant weapon
 K - a scroll of acquirement
 M - a scroll of immolation
 P - a scroll of fog {unknown}
 R - a scroll of magic mapping {unknown}
 S - 2 scrolls of torment {unknown}
Potions
 d - 2 potions of invisibility
 e - 4 potions of curing
 l - 6 potions of flight
 m - 2 potions of lignification {unknown}
 n - 5 potions of haste
 p - a potion of cancellation
 q - a potion of berserk rage {unknown}
 t - a potion of ambrosia {unknown}
 w - 3 potions of mutation
 x - a potion of attraction {unknown}
 A - a potion of heal wounds
 C - 4 potions of resistance
 D - a potion of magic {unknown}
 E - a potion of experience {unknown}
 I - 3 potions of might {unknown}
 J - a potion of brilliance {unknown}
Miscellaneous
 O - a lightning rod (4/4)


   Skills:
 + Level 6.5 Fighting
 + Level 6.0 Short Blades
 + Level 9.0 Long Blades
 + Level 6.0 Axes
 + Level 6.0 Maces & Flails
 + Level 6.0 Polearms
 + Level 6.0 Staves
 + Level 6.0 Slings
 + Level 6.0 Bows
 + Level 6.0 Crossbows
 + Level 6.0 Throwing
 + Level 6.0 Armour
 + Level 6.0 Dodging
 + Level 6.5 Stealth
 + Level 6.5 Shields
 + Level 6.0 Unarmed Combat
 + Level 6.6 Spellcasting
 + Level 4.9 Conjurations
 + Level 4.9 Hexes
 + Level 4.9 Summonings
 + Level 4.9 Necromancy
 + Level 4.9 Translocations
 + Level 6.3 Transmutations
 + Level 4.9 Fire Magic
 + Level 4.9 Ice Magic
 + Level 4.9 Air Magic
 + Level 4.9 Earth Magic
 + Level 4.9 Poison Magic
 + Level 6.5 Invocations
 + Level 6.5 Evocations


You had 19 spell levels left.
You knew the following spells:

 Your Spells              Type           Power      Damage    Failure   Level
a - Beastly Appendage     Tmut           40%        N/A       1%          1
b - Spider Form           Tmut/Pois      19%        N/A       8%          3

Your spell library contained the following spells:

 Spells                   Type           Power      Damage    Failure   Level
 Animate Skeleton         Necr           34%        N/A       3%          1
 Apportation              Tloc           34%        N/A       3%          1
 Summon Small Mammal      Summ           68%        N/A       3%          1
 Sublimation of Blood     Necr           17%        N/A       4%          2
 Tukima's Dance           Hex            17%        N/A       10%         3
 Petrify                  Tmut/Erth      19%        N/A       26%         4
 Anguish                  Hex/Necr       8%         N/A       32%         4
 Irradiate                Conj/Tmut      9%         3d16      56%         5
 Enfeeble                 Hex            8%         N/A       100%        7


Dungeon Overview and Level Annotations

Branches:
Dungeon (10/15)            Temple (1/1) D:7            Lair (2/6) D:9
    Orc (0/2) D:9           Sewer (visited)         Ossuary (visited)
  Swamp: Lair:2-4    Shoals: Lair:2-4     Snake: Lair:2-4    Spider: Lair:2-4

Altars:
Ashenzari
Cheibriados
Dithmenos
Elyvilon
Fedhas
Gozag
Hepliaklqana
Kikubaaqudgha
Makhleb
Nemelex Xobeh
Okawaru
Qazlal
Ru
Sif Muna
Trog
Uskayaw
Vehumet
Wu Jian
Xom
Yredelemnul
Zin
The Shining One

Shops:
D:1 *   D:5 *

Annotations:
D:2 exclusion: door
D:4 3 runed translucent doors, themarg's ghost, amateur TeCj
D:7 2 runed translucent doors, RascalDebosk's ghost, novice DrBe
D:10 Fannar
Lair:1 exclusion: oklob plant


Innate Abilities, Weirdness & Mutations

Your life essence is reduced to manifest your ancestor. (-10% HP)
You have very sharp teeth.
Your uncanny sense of smell can sniff out nearby items.
Your experience applies equally to all skills.


Message History

Something closely misses Zdislav.
Zdislav hits the komodo dragon.
Found 11 gold pieces.
The water moccasin misses you.
You sock the water moccasin! You bite the water moccasin.
The water moccasin is severely wounded.
Something bites Zdislav.
Zdislav hits the water moccasin!
The water moccasin dies!
Found a potion of mutation.
You hit the five-headed hydra.
The five-headed hydra is lightly wounded.
Zdislav is no longer encased in ice.
Something barely misses Zdislav.
The five-headed hydra bites you.
You block the five-headed hydra's attack.
The five-headed hydra bites you!
The five-headed hydra closely misses you.
The five-headed hydra bites you!
You sock the five-headed hydra!
The five-headed hydra is lightly wounded.
The five-headed hydra bites you!
* * * LOW HITPOINT WARNING * * *
The five-headed hydra bites you but does no damage. x2
The five-headed hydra misses you. x2
The flash freeze hits Zdislav!!
Zdislav partially resists.
Zdislav is destroyed!
There is a staircase back to the Dungeon here.
The five-headed hydra bites you!
* * * LOW HITPOINT WARNING * * *
The five-headed hydra misses you.
You block the five-headed hydra's attack.
The five-headed hydra completely misses you.
The five-headed hydra bites you.
* * * LOW HITPOINT WARNING * * *
You climb upwards.
Welcome back to the Dungeon!
There is a staircase to the Lair here.
Okay, then.
As you read the scroll of teleportation, it crumbles to dust.
You feel strangely unstable. The five-headed hydra bites you.
* * * LOW HITPOINT WARNING * * *
The five-headed hydra bites you.
You die...

...# #.# #..#
#.##########
...#
#..........#
##.#
##########)#
#.# #.# #.#
#.# ##.## #.#
....# #.##
###.# #>@# #
#)# ####D##
###.# #....#
.##.# #.####
....# #.#
....# #.#
....# #.#
....# #.#
....########.#


You could see a five-headed hydra.

Vanquished Creatures
  A black mamba (Lair:1)
  2 komodo dragons (Lair:1)
  A yaktaur (D:9)
  2 blink frogs (Lair:1)
  2 vampires
  2 wyverns
  3 vampire mosquitoes (D:10)
  A steam dragon (D:7)
  An acid dragon (D:10)
  3 orc warriors
  3 ice beasts
  A black bear (D:7)
  5 necrophages
  3 ogres
  2 sky beasts
  4 centaurs
  3 kobold brigands
  3 bullfrogs
  A water moccasin zombie (D:7)
  A gnoll sergeant (D:10)
  2 scorpions
  A water moccasin skeleton (D:6)
  12 killer bees
  A bullfrog skeleton (D:5)
  A centaur zombie (D:9)
  2 centaur skeletons
  4 hounds
  A jelly (Sewer)
  2 orc priests
  3 iguanas
  11 orc wizards
  2 killer bee zombies
  2 hound skeletons (D:4)
  A mummy (D:4)
  8 adders
  6 gnolls
  2 river rats (Sewer)
  2 shadow imps
  A white imp (D:6)
  An adder zombie (D:5)
  2 worms (D:6)
  4 dart slugs
  22 orcs
  16 ball pythons
  14 endoplasms
  8 giant cockroaches
  8 goblins
  10 hobgoblins
  22 kobolds
  3 quokkas
  7 bats
  10 frilled lizards
  10 rats
245 creatures vanquished.

Vanquished Creatures (collateral kills)
  3 water moccasins (Lair:1)
  2 killer bees (D:9)
  An orc wizard (D:9)
  A kobold (D:9)
7 creatures vanquished.

Vanquished Creatures (others)
  5 ancestors
  4 plants
9 creatures vanquished.

Grand Total: 261 creatures vanquished

Notes
Turn   | Place    | Note
-------+----------+-------------------------------------------
     0 | D:1      | themarg the Gnoll Wanderer began the quest for the Orb.
     0 | D:1      | themarg set off with the following items: a +2 falchion, a
                  | +0 buckler, a +0 robe; and the following spell memorised:
                  | Beastly Appendage; and the following spells available to
                  | memorise: Spider Form
     0 | D:1      | Reached XP level 1. HP: 17/17 MP: 4/4
    55 | D:1      | Found a faded altar of an unknown god.
   138 | D:1      | Reached XP level 2. HP: 13/23 MP: 5/5
   833 | D:1      | Reached XP level 3. HP: 28/28 MP: 7/7
   837 | D:1      | Found Paihoos's Assorted Antiques.
  1126 | D:2      | Reached skill level 1 in Invocations
  1293 | D:2      | Reached skill level 1 in Short Blades
  1293 | D:2      | Reached skill level 1 in Axes
  1293 | D:2      | Reached skill level 1 in Maces & Flails
  1293 | D:2      | Reached skill level 1 in Polearms
  1293 | D:2      | Reached skill level 1 in Staves
  1293 | D:2      | Reached skill level 1 in Slings
  1293 | D:2      | Reached skill level 1 in Bows
  1293 | D:2      | Reached skill level 1 in Crossbows
  1293 | D:2      | Reached skill level 1 in Throwing
  1293 | D:2      | Reached skill level 1 in Armour
  1293 | D:2      | Reached skill level 1 in Dodging
  1293 | D:2      | Reached skill level 1 in Unarmed Combat
  1363 | D:2      | Reached XP level 4. HP: 34/34 MP: 8/8
  1400 | D:2      | Noticed a scorpion
  1844 | D:3      | Found a shadowy altar of Dithmenos.
  2340 | D:3      | Reached skill level 1 in Conjurations
  2340 | D:3      | Reached skill level 1 in Hexes
  2340 | D:3      | Reached skill level 1 in Summonings
  2340 | D:3      | Reached skill level 1 in Necromancy
  2340 | D:3      | Reached skill level 1 in Translocations
  2340 | D:3      | Reached skill level 1 in Fire Magic
  2340 | D:3      | Reached skill level 1 in Ice Magic
  2340 | D:3      | Reached skill level 1 in Air Magic
  2340 | D:3      | Reached skill level 1 in Earth Magic
  2340 | D:3      | Reached skill level 1 in Poison Magic
  2449 | D:3      | Found a shimmering altar of Xom.
  2677 | D:4      | Noticed a necrophage
  2704 | D:4      | Killed a necrophage
  2705 | D:4      | Reached XP level 5. HP: 35/41 MP: 9/9
  2713 | D:4      | Found a sand-covered staircase.
  2723 | Ossuary  | Entered an ossuary
  2837 | D:4      | Reached XP level 6. HP: 46/47 MP: 9/11
  2839 | D:4      | Noticed a necrophage
  2863 | D:4      | Killed a necrophage
  3042 | D:4      | Found a radiant altar of Vehumet.
  3077 | D:4      | Found a runed translucent gate.
  3078 | D:4      | Found a runed translucent gate.
  3078 | D:4      | Noticed themarg's ghost (amateur TeCj)
  3079 | D:4      | Found a runed translucent gate.
  3238 | D:4      | Reached XP level 7. HP: 52/52 MP: 12/12
  3395 | D:4      | Learned a level 3 spell: Spider Form
  3580 | D:5      | Entered Level 5 of the Dungeon
  3612 | D:5      | Reached skill level 7 in Long Blades
  3783 | D:5      | Reached XP level 8. HP: 60/60 MP: 14/14
  4206 | D:5      | Found Seck's Assorted Antiques.
  4604 | D:6      | Reached skill level 5 in Transmutations
  4604 | D:6      | Reached XP level 9. HP: 65/66 MP: 16/16
  4632 | D:6      | Found an iron altar of Okawaru.
  4732 | D:6      | Found a glowing drain.
  4736 | Sewer    | Entered a sewer
  4876 | Sewer    | Found a shimmering altar of Xom.
  5121 | D:6      | Found a burning altar of Makhleb.
  5404 | D:7      | Found a staircase to the Ecumenical Temple.
  5426 | D:7      | Reached skill level 5 in Spellcasting
  5448 | Temple   | Entered the Ecumenical Temple
  5525 | Temple   | Became a worshipper of Hepliaklqana the Forgotten
  5634 | D:7      | Reached skill level 5 in Fighting
  5634 | D:7      | Reached skill level 5 in Shields
  5634 | D:7      | Reached skill level 5 in Evocations
  5661 | D:7      | Found a large runed translucent door.
  5661 | D:7      | Found a large runed translucent door.
  5674 | D:7      | Noticed RascalDebosk's ghost (novice DrBe)
  5840 | D:7      | Reached skill level 5 in Stealth
  5868 | D:7      | Reached skill level 8 in Long Blades
  6153 | D:8      | Reached skill level 5 in Invocations
  6615 | D:8      | Reached XP level 10. HP: 54/74 MP: 18/18
  7037 | D:8      | Identified a scroll of acquirement
  7039 | D:9      | Found an ancient bone altar of Kikubaaqudgha.
  7039 | D:9      | Found a snail-covered altar of Cheibriados.
  7039 | D:9      | Found an ornate altar of the Wu Jian Council.
  7062 | D:9      | Reached * piety under Hepliaklqana
  7190 | D:9      | Found a staircase to the Lair.
  7231 | D:9      | Reached skill level 5 in Short Blades
  7231 | D:9      | Reached skill level 5 in Axes
  7231 | D:9      | Reached skill level 5 in Maces & Flails
  7231 | D:9      | Reached skill level 5 in Polearms
  7231 | D:9      | Reached skill level 5 in Staves
  7231 | D:9      | Reached skill level 5 in Slings
  7231 | D:9      | Reached skill level 5 in Bows
  7231 | D:9      | Reached skill level 5 in Crossbows
  7231 | D:9      | Reached skill level 5 in Throwing
  7231 | D:9      | Reached skill level 5 in Armour
  7231 | D:9      | Reached skill level 5 in Dodging
  7231 | D:9      | Reached skill level 5 in Unarmed Combat
  7492 | D:9      | Found a staircase to the Orcish Mines.
  8079 | D:9      | Found a shimmering blue altar of Sif Muna.
  8191 | D:10     | Entered Level 10 of the Dungeon
  8213 | D:10     | Found a sacrificial altar of Ru.
  8281 | D:10     | Reached ** piety under Hepliaklqana
  8477 | D:10     | HP: 2/68 [vampire mosquito (9)]
  8989 | D:10     | Noticed Fannar
  9188 | Lair:1   | Entered Level 1 of the Lair of Beasts
  9314 | Lair:1   | You fall into a shaft and drop 1 floor!
  9338 | Lair:1   | Reached *** piety under Hepliaklqana
  9347 | Lair:1   | Reached XP level 11. HP: 46/74 MP: 20/20
  9418 | Lair:1   | Noticed an oklob plant
  9426 | Lair:1   | Noticed a five-headed hydra
  9443 | Lair:1   | Reached skill level 9 in Long Blades
  9475 | D:9      | Slain by a five-headed hydra

Illustrated notes

Levels and vault maps discovered:
D:1:      amcnicky_arrival_feature_with_door, layout_basic,
          dreamdust_ecumenical_altar_statues, serial_shops,
          nicolae_lakefront_shop, minivault_4
D:2:      layout_rooms, minmay_divided_ellipse
D:3:      layout_basic, nicolae_dithmenos_shadow_blocks, xom_teletrap_fun,
          dk_vineyard_3
D:4:      layout_rooms, vehumet_crystals, enter_ossuary_1,
          gammafunk_ghost_nasty_kobolds, minmay_joined_circles
D:5:      layout_basic, serial_shops, shop, chequers_serial_rivers_micro_c
D:6:      layout_cave_pools, general_overflow_altar, okawaru_trees_1,
          lightli_sewer_entry_pipes
D:7:      layout_basic, minmay_temple_entry_fiery, ebering_ghost_disaster_area
D:8:      layout_loops_ring, hangedman_abyss_or_decor_lesser_grid
D:9:      layout_loops_ring, kennysheep_orc_sif_temple,
          grunt_temple_overflow_open, lair_entry_dummy, orc_0_dummy
D:10:     layout_long_grid, mainiacjoe_overflow_small_starburst,
          hangedman_abyss_or_decor_clamps, uniq_fannar
Temple:   nicolae_temple_hex_pool
Lair:1:   layout_misc_corridors, minmay_lair_oklob_bushes, st_stairs_9,
          kennysheep_snail_temple
Lair:2:   layout_long_grid, grunt_megastairs_2, uniq_harold

Skill      XL: |  1  2  3  4  5  6  7  8  9 10 11 |
---------------+----------------------------------+-----
Invocations    | 1 2 3 4 5 6 |  6.5
Short Blades   | 1 2 3 4 5 6 |  6.0
Axes           | 1 2 3 4 5 6 |  6.0
Maces & Flails | 1 2 3 4 5 6 |  6.0
Polearms       | 1 2 3 4 5 6 |  6.0
Staves         | 1 2 3 4 5 6 |  6.0
Slings         | 1 2 3 4 5 6 |  6.0
Bows           | 1 2 3 4 5 6 |  6.0
Crossbows      | 1 2 3 4 5 6 |  6.0
Throwing       | 1 2 3 4 5 6 |  6.0
Armour         | 1 2 3 4 5 6 |  6.0
Dodging        | 1 2 3 4 5 6 |  6.0
Unarmed Combat | 1 2 3 4 5 6 |  6.0
Spellcasting   | 3 4 5 6 |  6.6
Conjurations   | 1 2 3 4 |  4.9
Hexes          | 1 2 3 4 |  4.9
Summonings     | 1 2 3 4 |  4.9
Necromancy     | 1 2 3 4 |  4.9
Translocations | 1 2 3 4 |  4.9
Fire Magic     | 1 2 3 4 |  4.9
Ice Magic      | 1 2 3 4 |  4.9
Air Magic      | 1 2 3 4 |  4.9
Earth Magic    | 1 2 3 4 |  4.9
Poison Magic   | 1 2 3 4 |  4.9
Fighting       | 3 4 5 6 |  6.5
Shields        | 3 4 5 6 |  6.5
Transmutations | 4 5 6 |  6.3
Evocations     | 3 4 5 6 |  6.5
Stealth        | 3 4 5 6 |  6.5
Long Blades    | 7 8 9 |  9.0

Action                   |  1- 3 |  4- 6 |  7- 9 | 10-12 || total
-------------------------+-------+-------+-------+-------++-------
Melee: Falchion          |    76 |   137 |       |       ||   213
       Bite              |     8 |    18 |    55 |    33 ||   114
       Hand axe          |       |    29 |   466 |   293 ||   788
       Kick              |       |       |     1 |       ||     1
       Flail             |       |       |       |    13 ||    13
 Cast: Beastly Appendage |       |       |     2 |       ||     2
Evoke: Wand              |       |       |       |     1 ||     1
       Lightning rod     |       |       |       |     1 ||     1
  Use: Scroll            |       |    10 |     3 |     5 ||    18
       Potion            |       |       |     2 |     3 ||     5
 Stab: Sleeping          |     5 |     6 |    12 |     1 ||    24
Armor: Robe              |     6 |       |       |       ||     6
       Leather armour    |    22 |    50 |   185 |   107 ||   364
Dodge: Dodged            |    31 |    94 |   284 |   282 ||   691
Block: Buckler           |     9 |    40 |   127 |    92 ||   268
